 Dungeon Crawl Stone Soup version 0.31.0-4-g52a2dc7128 (webtiles) character file.

Game seed: 5126227784637959662

2 Aneyh the Chopper (level 1, 0/14 HPs)
             Began as a Tengu Monk on Jan 23, 2024.
             Slain by a kobold
             ... wielding a +0 short sword
              (4 damage)
             ... on level 2 of the Dungeon.
             The game lasted 00:01:03 (112 turns).

Aneyh the Chopper (Tengu Monk)                       Turns: 112, Time: 00:01:03

Health: 0/14       AC:  2    Str: 11    XL:     1   Next: 30%
Magic:  2/2        EV: 13    Int: 10    God:
Gold:   8          SH:  0    Dex: 16    Spells: 0/0 levels left

rFire   . . .        a - +0 hand axe
rCold   . . .        (no shield)
rNeg    . . .        b - +0 robe
rPois   .            (helmet restricted)
rElec   .            (no cloak)
rCorr   .            (no gloves)
SInv    .            (boots unavailable)
Will    .....        (no amulet)
Stlth   +            (no ring)
HPRegen 0.22/turn    (no ring)
MPRegen 0.08/turn

%: acrobat
@: no status effects
A: beak, talons 3, acrobatic
a: no special abilities


You were on level 2 of the Dungeon.
You visited 1 branch of the dungeon, and saw 2 of its levels.

You collected 8 gold pieces.

Inventory:

Hand Weapons
 a - a +0 hand axe (weapon)
Armour
 b - a +0 robe (worn)
 d - an orb of light
 i - a +0 ring mail
Scrolls
 e - a scroll of blinking {unknown}
 f - a scroll of teleportation {unknown}
 g - a scroll of noise {unknown}
Potions
 c - a potion of ambrosia
 h - 2 potions of heal wounds {unknown}


   Skills:
 - Level 3.0 Fighting
 + Level 3.4 Axes
 - Level 3.2 Dodging


You couldn't memorise any spells.
You didn't know any spells.
Your spell library was empty.

Dungeon Overview and Level Annotations

Branches:
Dungeon (1/15)

Altars:


Innate Abilities, Weirdness & Mutations

You have a beak for a mouth.
You have claws for feet.
You can magically evade attacks while moving or waiting.


Message History

You see here a scroll labelled GINGEPT JIUNO.
g - a scroll labelled GINGEPT JIUNO You closely miss the frilled lizard.
Your kick misses the frilled lizard. The frilled lizard bites you.
You miss the frilled lizard. The frilled lizard barely misses you.
You closely miss the frilled lizard.
The frilled lizard completely misses you.
You hit the frilled lizard.
You kill the frilled lizard!
No target in view!
HP restored.
h - 2 purple potions A malevolent force fills the Dungeon...
You fall into a shaft and drop 1 floor!
The shaft crumbles and collapses.
Found a ring mail and 8 gold pieces.
Found an escape hatch in the floor.
You now have 8 gold pieces.
A ribbon worm comes into view.
A kobold comes into view. It is wielding a +0 short sword.
The kobold shouts!
You see here a +0 ring mail.
i - a +0 ring mail A quokka comes into view.
A rat comes into view.
The kobold hits you with a +0 short sword.
You closely miss the kobold. Your kick misses the kobold.
Your punch misses the kobold. The kobold hits you but does no damage.
You completely miss the kobold. Your kick misses the kobold.
The kobold hits you with a +0 short sword.
You are too injured to fight recklessly!
You are too injured to fight recklessly!
You hit the kobold but do no damage. Your kick misses the kobold.
The kobold hits you with a +0 short sword.
* * * LOW HITPOINT WARNING * * *
You hit the kobold.
The kobold is heavily wounded.
You hit the rat but do no damage.
The kobold hits you with a +0 short sword.
You die...

# ........... ..
.......... #.
.......... # #.
.........
#..##.###...... ..
#..#........# ..#
...........# ...#
........r..# #>#.#
.......@...##.....
...##..K#.........
...#..........#.#.
.......w....###
...........##
...........#
....#....#..#
#...#....##..P ..#
#....# ..PP


You could see a ribbon worm, a kobold and a rat.

Vanquished Creatures
  A ball python (D:1)
  A frilled lizard (D:1)
  A kobold (D:1)
3 creatures vanquished.

Notes
Turn   | Place    | Note
-------+----------+-------------------------------------------
     0 | D:1      | Aneyh the Tengu Monk began the quest for the Orb.
     0 | D:1      | Reached XP level 1. HP: 14/14 MP: 2/2
    56 | D:1      | Found a faded altar of an unknown god.
    90 | D:1      | You fall into a shaft and drop 1 floor!
   112 | D:2      | Slain by a kobold

Illustrated notes

Levels and vault maps discovered:
D:1:      saegor_arrival_simple_b, layout_loops_ring,
          dreamdust_ecumenical_altar_grove, grunt_decor_junction, st_stairs_14
D:2:      layout_rooms, serial_forest, infiniplex_forest_end_1,
          infiniplex_forest_fountain, infiniplex_forest_end_1,
          infiniplex_forest_lined_3, infiniplex_forest_clump_curved,
          minmay_cut_off

Action                     || total
---------------------------++-------
  Melee: Hand axe          ||    11
         Kick              ||     1
         Peck              ||     1
 Armour: Robe              ||     6
  Dodge: Dodged            ||     6
